AoeStats
← Not noob.Just tired.

Fortress

507057405Analyzed
2v2 RM · 17d ago on Sep 16, 2026· 39m 0s· 4 players
Game mode
Random Map
Map size
Normal (6 player)
Population
200
Speed
Normal
Resources
Standard
Victory
Conquest
Starting age
Dark Age
Ending age
Imperial Age
RankedLock teamsTeams togetherTeam positionsShared explorationLock speedFull tech treeHidden civsTurbo modeCheats
Victory
Defeat
🇨🇳 Goths · China
1508
+20
🇨🇳 Italians · China
1411
+23
🇨🇴 Burgundians · Colombia
1596
-22
🇬🇧 Jurchens · United Kingdom
1570
-21
WryPig
1:26 Double-Bit Axe
3:34 Horse Collar
8:03 Feudal Age
11:58 Castle Age
11:41 Bow Saw
14:55 Heavy Plow
16:40 Wheelbarrow
20:17 Hand Cart
19:48 Loom
19:48 Town Watch
20:05 Gold Mining
21:28 Fletching
21:38 Padded Archer Armor
24:27 Imperial Age
22:39 Gold Shaft Mining
21:56 Stone Mining
22:41 Bodkin Arrow
23:24 Ballistics
22:36 Elite Skirmisher
24:44 Two-Man Saw
24:32 Leather Archer Armor
24:51 Burgundian Vineyards
26:12 Chemistry
25:44 Bracer
25:49 Scale Barding Armor
26:53 Husbandry
26:13 Light Cavalry
26:31 Cavalier
28:09 Chain Barding Armor
28:00 Forging
27:43 Cavalier
32:22 Iron Casting
NarKofer
7:29 Feudal Age
11:11 Castle Age
9:02 Double-Bit Axe
11:04 Horse Collar
12:58 Bow Saw
17:40 Heavy Plow
18:54 Wheelbarrow
19:59 Gold Mining
21:17 Gold Shaft Mining
24:14 Imperial Age
23:16 Siege Engineers
25:39 Conscription
24:41 Heavy Rocket Cart
27:57 Thunderclap Bombs
28:54 Ballistics
29:36 Chemistry
34:27 Hand Cart
Not noob.Just tired.
8:02 Feudal Age
8:41 Double-Bit Axe
11:50 Castle Age
9:51 Horse Collar
13:31 Bow Saw
14:19 Wheelbarrow
16:10 Heavy Plow
18:39 Gold Mining
20:48 Stone Mining
21:57 Hand Cart
25:47 Imperial Age
23:19 Town Watch
23:19 Loom
24:57 Ballistics
24:28 Fletching
24:55 Town Patrol
25:23 Bodkin Arrow
26:12 Scale Mail Armor
26:54 Forging
27:52 Conscription
27:34 Bracer
27:35 Padded Archer Armor
27:55 Chain Mail Armor
28:41 Chemistry
28:52 Iron Casting
29:08 Plate Mail Armor
28:43 Squires
30:34 Blast Furnace
29:56 Elite Genoese Crossbowman
30:40 Padded Archer Armor
31:44 Leather Archer Armor
33:48 Ring Archer Armor
34:51 Scale Barding Armor
35:52 Chain Barding Armor
36:11 Cavalier
37:01 Bloodlines
36:52 Husbandry
37:29 Plate Barding Armor
MrFUNAN
8:10 Feudal Age
8:43 Double-Bit Axe
9:17 Horse Collar
11:45 Castle Age
12:46 Bow Saw
13:13 Wheelbarrow
13:09 Man-at-Arms
13:16 Man-at-Arms
17:20 Heavy Plow
20:18 Gold Mining
20:19 Man-at-Arms
25:11 Imperial Age
22:32 Pikeman
23:36 Scale Mail Armor
24:17 Forging
24:13 Squires
24:46 Stone Mining
25:14 Chain Mail Armor
24:55 Man-at-Arms
25:57 Anarchy
26:54 Iron Casting
27:21 Chemistry
26:24 Perfusion
26:37 Town Watch
27:11 Loom
27:48 Conscription
28:59 Blast Furnace
29:44 Crop Rotation
30:49 Elite Huskarl
36:48 Scale Barding Armor
36:48 Cavalier
37:35 Husbandry
39:18 Chain Barding Armor
39:12 Bloodlines
Connection lost

Rejoining the realm…

Still unreachable

The connection could not be restored.

Session expired

The server has moved on; the page needs a fresh start.